 Dungeon Crawl Stone Soup version 0.13-a0-2144-gf0858a5 (webtiles) character file.

199 Egregious the Cutter (level 5, -1/28 HPs)
             Began as a Kobold Enchanter on June 27, 2013.
             Slain by an orc priest
             ... wielding a cursed -3,-2 orcish club
              (3 damage)
             ... on Level 2 of the Dungeon on June 29, 2013.
             The game lasted 00:36:50 (3335 turns).

Egregious the Cutter (Kobold Enchanter)             Turns: 3335, Time: 00:36:50

HP  -1/28        AC  4     Str  8      XL: 5   Next:  1%
MP   3/8         EV 14     Int 18      God:
Gold 101         SH  0     Dex 12 (16) Spells:  2 memorised,  2 levels left

Res.Fire  : . . .   See Invis. : .   a - +1 dagger {=f}
Res.Cold  : . . .   Warding    : .   b - +1 robe
Life Prot.: . . .   Conserve   : .   (no shield)
Res.Poison: .       Res.Corr.  : .   (no helmet)
Res.Elec. : .       Clarity    : .   (no cloak)
Sust.Abil.: . .     Spirit.Shd : .   (no gloves)
Res.Mut.  : .       Stasis     : .   k - +0 pair of elf boots
Res.Rott. : .       Flight     : +   (no amulet)
Saprovore : + + .                    (no ring)
                                     (no ring)

@: brilliant, flying, slowed, very slow, slightly resistant to hostile
enchantments, stealthy
A: disease resistance, carnivore 3, saprovore 2
a: no special abilities


You were on level 2 of the Dungeon.
You were not hungry.

You visited 1 branch of the dungeon, and saw 3 of its levels.

You collected 81 gold pieces.

Inventory:

Hand weapons
 a - a +1,+1 dagger (weapon) {=f}
Missiles
 d - 12 darts
 l - a throwing net (quivered)
Armour
 b - a +1 robe (worn)
 k - a +0 pair of elven boots (worn)
Comestibles
 f - a meat ration
Jewellery
 i - an uncursed ring of protection from cold {unknown}
Potions
 e - a potion of slowing
 g - a potion of flight
 h - a potion of might {unknown}
 j - a potion of curing {unknown}
 m - a potion of speed {unknown}
 o - a potion of confusion {unknown}
Books
 c - a book of Maledictions

   Spells                             Type                      Level
   *Corona                            Hexes                        1
   Sure Blade                         Hexes/Charms                 2
   Ensorcelled Hibernation            Hexes/Ice                    2
   *Confuse                           Hexes                        3
   Enslavement                        Hexes                        4
   Invisibility                       Hexes                        6


   Skills:
 * Level 4.7 Short Blades
 - Level 1.3 Throwing
 - Level 2.4 Dodging
 + Level 3.5 Stealth
 - Level 1.0 Spellcasting
 + Level 3.5 Hexes


You had 2 spell levels left.
You knew the following spells:

 Your Spells              Type           Power        Failure   Level  Hunger
a - Corona                Hex            ###....      1%          1    ##.....
b - Confuse               Hex            ###.....     2%          3    ####...


Dungeon Overview and Level Annotations

Branches:
Dungeon (3/27)

Altars:
Ashenzari
Elyvilon


Innate Abilities, Weirdness & Mutations

You recuperate from illness quickly.
You are small and have problems with some larger weapons.
You are carnivorous and can eat meat at any time.
You can eat rotten meat.


Message History

You feel yourself slow down.
It was a potion of slowing.
The orc priest becomes somewhat translucent.
The orc closely misses you.
Drink which item? (? for menu, Esc to quit)
You feel very buoyant.
You fly up into the air.
It was a potion of flight.
The orc priest hits you but does no damage.
The orc misses you.
Drink which item? (? for menu, Esc to quit)
There was something very wrong with that liquid!
You feel clumsy.
It was a potion of degeneration.
The orc priest barely misses you.
The orc hits you with an orcish falchion.
* * * LOW HITPOINT WARNING * * *
The orc priest closely misses you. The orc closely misses you.
Drink which item? (? for menu, Esc to quit)
You feel more clever all of a sudden.
It was a potion of brilliance.
The orc priest hits you with an orcish club.
You die...

.....'.###........#
.....### ##'#######
###### #..%..#
#####%####
#....%...# ******
#........# ,,,,,****
#........#
****,,,,**#.....o..#
****,,*#.....@..#
**,,#....(.o.#
**,+........#
**#........#
##########


You could see an orc priest and an orc.

Vanquished Creatures
  4 adders (D:2)
  A worm (D:2)
  An ooze (D:1)
  9 bats
  A giant cockroach (D:1)
  4 goblins
  7 hobgoblins
  6 jackals (D:2)
  8 kobolds
  A ball python (D:2)
  4 giant geckos
  8 rats
54 creatures vanquished.

Vanquished Creatures (others)
  2 rats (D:2)
2 creatures vanquished.

Grand Total: 56 creatures vanquished

Notes
Turn   | Place    | Note
--------------------------------------------------------------
     0 | D:1      | Egregious, the Kobold Enchanter, began the quest for the Orb.
     0 | D:1      | Reached XP level 1. HP: 10/10 MP: 3/3
   197 | D:1      | Reached XP level 2. HP: 3/15 MP: 2/4
   944 | D:1      | Reached XP level 3. HP: 16/19 MP: 5/5
  1914 | D:2      | Found a white marble altar of Elyvilon.
  1942 | D:2      | Reached skill level 4 in Short Blades
  1942 | D:2      | Reached XP level 4. HP: 10/24 MP: 7/7
  2712 | D:2      | Upgraded the game from 0.13-a0-2116-g5cefd36 to 0.13-a0-2144-gf0858a5
  2729 | D:2      | Learned a level 3 spell: Confuse
  3241 | D:2      | Reached XP level 5. HP: 21/28 MP: 4/8
  3326 | D:3      | Found a shattered altar of Ashenzari.
  3335 | D:2      | Slain by an orc priest

Action                   |  1- 3 |  4- 6 || total
-------------------------+-------+-------++-------
Melee: Dagger            |   173 |    88 ||   261
 Cast: Corona            |     7 |     7 ||    14
       Confuse           |       |    10 ||    10
  Use: Scroll            |     5 |     1 ||     6
       Potion            |       |     4 ||     4
 Stab: Sleeping          |     3 |     3 ||     6
       Confused          |       |     3 ||     3
       Distracted        |       |     1 ||     1
